 Dungeon Crawl Stone Soup version 0.29-a0-517-gbdf32494f2 (webtiles) character file.

Game seed: 4628894933910039972

368 xian the Archer (level 6, 0/32 HPs)
             Began as a Spriggan Hunter on May 30, 2022.
             Succumbed to an adder's poison
             ... on level 3 of the Dungeon.
             The game lasted 00:05:24 (2210 turns).

xian the Archer (Spriggan Hunter)                   Turns: 2210, Time: 00:05:25

Health: 0/32       AC:  5    Str:  6 (7)  XL:     6   Next: 41%
Magic:  7/7        EV: 18    Int:  7 (10) God:
Gold:   115        SH:  0    Dex: 20 (21) Spells: 5/5 levels left

rFire   + . .      SeeInvis +   k - +4 whip
rCold   + . .      Faith    .   (no shield)
rNeg    . . .      Spirit   .   b - +0 robe
rPois   +          Reflect  .   (helmet restricted)
rElec   +          Harm     .   (no cloak)
rCorr   +          Rampage  .   (gloves unavailable)
Will    +....                   (boots unavailable)
Stlth   ++........              (no amulet)
HPRegen 0.10/turn               (no ring)
MPRegen 0.10/turn               (no ring)

@: mighty, lethally poisoned (0 -> -2), resistant, very quick
A: very small, no large weapons, unfitting armour, see invisible, speed 3,
iridescent scales 1, shaggy fur 1, inability to read while threatened
a: no special abilities


You were on level 3 of the Dungeon.
You visited 1 branch of the dungeon, and saw 3 of its levels.

You collected 115 gold pieces.

Inventory:

Hand Weapons
 a - a +2 shortbow
 k - a +4 whip (weapon)
Missiles
 d - 6 poisoned darts
 h - 5 curare-tipped darts
Armour
 b - a +0 robe (worn)
Scrolls
 c - a scroll of immolation
 e - 2 scrolls of blinking {unknown}
 f - 4 scrolls of enchant weapon
 g - a scroll of identify {unknown}
 l - a scroll of magic mapping {unknown}
Potions
 j - 2 potions of might


   Skills:
 + Level 2.4 Fighting
 + Level 8.8 Bows
 + Level 2.9 Dodging
 + Level 2.0 Stealth


You had 5 spell levels left.
You didn't know any spells.
Your spell library contained the following spells:

 Spells                   Type           Power      Damage    Failure   Level
 Apportation              Tloc           0%         N/A       43%         1
 Necrotize                Necr           0%         1d4       43%         1
 Summon Small Mammal      Summ           0%         N/A       43%         1


Dungeon Overview and Level Annotations

Branches:
Dungeon (3/15)

Altars:

Annotations:
D:3 Natasha


Innate Abilities, Weirdness & Mutations

You are very small and have problems with some larger weapons.
You are too small for most types of armour.
You have supernaturally acute eyesight. (SInv)
You cover ground extremely quickly. (Speed+++)
You are partially covered in iridescent scales. (AC +2)
You are covered in fur. (AC +1)
You sometimes lose the ability to read scrolls when taking damage.


Message History

You feel very mighty all of a sudden.
You feel sick. The adder misses you.
Really attack while wielding your +2 shortbow? [Y]es or [N]o only, please.
Really attack while wielding your +2 shortbow?
Okay, then.
k - a +4 whip (weapon)
You feel sick.
You whack the adder!
You kill the adder!
You feel sick. The adder bites you.
* * * LOW HITPOINT WARNING * * *
You are lethally poisoned!
The adder poisons you! The adder completely misses you.
* * * LOW HITPOINT WARNING * * *
You feel sick.
You see here an adder corpse.
You closely miss the adder.
* * * LOW HITPOINT WARNING * * *
You feel sick. The adder barely misses you. The adder completely misses you.
Natasha casts a spell at you. You resist with almost no effort.
You whack the adder!
You kill the adder!
* * * LOW HITPOINT WARNING * * *
You feel sick. The crimson imp barely misses you.
It was a potion of resistance.
You feel protected.
* * * LOW HITPOINT WARNING * * *
You feel sick.
The crimson imp blinks!
It was a potion of degeneration.
There was something very wrong with that liquid.
You feel weakened.
You feel dopey.
You feel clumsy.
* * * LOW HITPOINT WARNING * * *
You feel sick.
It was a potion of mutation.
You feel extremely strange. Fur sprouts all over your body.
Iridescent scales grow over part of your body.
You lose the ability to read scrolls when threatened.
You die...

##.##.#..##......###...#####
...##.#.....#.##...........#
##.##.##....#.##...........#
#.#.......##.##...........#
#.........##.<............#
###.......##.##...5.......#
##########.##...........#
........#)).........#
........#@###########
......h.......#
......†.#####..# ........# #
........# ........#
..).....# ........#
....$...#


You could see Natasha and a crimson imp (summoned).

Vanquished Creatures
  Sigmund (D:2)
  A hound (D:3)
  10 gnolls
  5 adders
  4 endoplasms
  A giant cockroach (D:2)
  5 goblins
  5 hobgoblins
  A quokka (D:1)
  4 ball pythons
  7 bats
  2 frilled lizards
  8 kobolds
  5 rats
59 creatures vanquished.

Notes
Turn   | Place    | Note
-------+----------+-------------------------------------------
     0 | D:1      | xian the Spriggan Hunter began the quest for the Orb.
     0 | D:1      | Reached XP level 1. HP: 10/10 MP: 2/2
   119 | D:1      | Reached skill level 5 in Bows
   138 | D:1      | Reached XP level 2. HP: 8/14 MP: 3/3
   487 | D:1      | Found a faded altar of an unknown god.
   788 | D:2      | Reached XP level 3. HP: 18/18 MP: 4/4
   790 | D:2      | Reached skill level 6 in Bows
   865 | D:2      | Noticed Sigmund
   879 | D:2      | Killed Sigmund
   880 | D:2      | Reached skill level 7 in Bows
   880 | D:2      | Reached XP level 4. HP: 1/23 MP: 5/5
   880 | D:2      | Reached XP level 5. HP: 1/26 MP: 6/6
  1256 | D:2      | Reached skill level 8 in Bows
  2022 | D:3      | Reached XP level 6. HP: 30/30 MP: 7/7
  2195 | D:3      | Noticed Natasha
  2209 | D:3      | HP: 1/32 [poisoned by an adder]
  2210 | D:3      | Gained mutation: You are covered in fur. (AC +1) [potion of
                  | mutation]
  2210 | D:3      | Gained mutation: You are partially covered in iridescent
                  | scales. (AC +2) [potion of mutation]
  2210 | D:3      | Gained mutation: You sometimes lose the ability to read
                  | scrolls when taking damage. [potion of mutation]
  2210 | D:3      | Succumbed to an adder's poison

Illustrated notes

Levels and vault maps discovered:
D:1:      roderic_chinese_lattice_arrival, layout_loops_cross,
          chequers_ecumenical_altar_island
D:2:      layout_loops_ring, grunt_decor_junction, minmay_strange_pillars,
          uniq_sigmund
D:3:      layout_basic, nicolae_overflow_hallway_of_the_gods, uniq_natasha

Skill      XL: |  1  2  3  4  5 |
---------------+----------------+-----
Bows           | 5 7 8 |  8.8
Fighting       | 2 |  2.4
Stealth        | 2 |  2.0
Dodging        | |  2.9

Action                   |  1- 3 |  4- 6 || total
-------------------------+-------+-------++-------
Melee: Whip              |       |     3 ||     3
 Fire: Shortbow          |    63 |    78 ||   141
  Use: Scroll            |     1 |       ||     1
       Potion            |       |     4 ||     4
Armor: Robe              |     2 |       ||     2
Dodge: Dodged            |    15 |    14 ||    29

Table legend: (Time is in decaauts)
 A = Elapsed time spent in this place.
 B = Non-inter-level travel time spent in this place.
 C = Inter-level travel time spent in this place.
 D = Time resting spent in this place.
 E = Time spent auto-exploring this place.
 F = Levels seen in this place.
 G = Mean time per level.
                   A        B        C        D        E       F      G
               +--------+--------+--------+--------+--------+-----+--------+
         Total |   1677 |   1647 |     30 |    295 |   1038 |   3 |  559.0 |
       Dungeon |   1677 |   1647 |     30 |    295 |   1038 |   3 |  559.0 |
               +--------+--------+--------+--------+--------+-----+--------+

Top non-repeatable levels by time:
     D:2: 861 daAuts
     D:1: 556 daAuts
     D:3: 259 daAuts
